[Event "Titled Tuesday Blitz April 18 Early 2023"]
[White "Horvath, Dominik"]
[Black "Daneshvar, Bardiya"]
[WhiteFideId "1642561"]
[BlackFideId "12576468"]
[WhiteElo "2407"]
[BlackElo "2468"]
[Result "0-1"]
[Round "03"]
[TimeControl "180+2"]
[Date "2023.04.18"]
[WhiteClock "0:00:34"]
[BlackClock "0:00:59"]

1. Nf3 d6 2. d4 Nf6 3. c4 g6 4. Nc3 Bf5 5. g3 Ne4 6. Bg2 Nxc3 7. bxc3 Be4 8. O-O Bg7 9. Bh3 O-O 10. Nd2 Bc6 11. e4 Bd7 12. Bg2 c5 13. Nb3 b6 14. e5 Bc6 15. f4 Bxg2 16. Kxg2 Nc6 17. Be3 cxd4 18. cxd4 dxe5 19. fxe5 Rc8 20. Rc1 Qd7 21. Qf3 f6 22. e6 Qd6 23. Bf4 Qa3 24. d5 Ne5 25. Bxe5 fxe5 26. Qe2 a5 27. Rxf8+ Rxf8 28. Rc2 Bh6 29. Qxe5 a4 30. Nd4 Bg7 31. Qe4 Bxd4 32. d6 Qxd6 33. Rd2 Rd8 0-1


[Site "https://www.chess.com"]

[Event "Titled Tuesday Blitz April 18 Early 2023"]
[White "Zhigalko_Sergei"]
[Black "Martinez Ramirez, Lennis"]
[BlackFideId "3509079"]
[WhiteElo "2925"]
[BlackElo "2410"]
[Result "1-0"]
[Round "03"]
[TimeControl "180+2"]
[Date "2023.04.18"]
[WhiteClock "0:00:12"]
[BlackClock "0:00:01"]

1. e4 c5 2. Nf3 d6 3. d4 cxd4 4. Qxd4 Nc6 5. Bb5 Bd7 6. Bxc6 Bxc6 7. Nc3 Nf6 8. Bg5 e6 9. O-O-O Be7 10. Rhe1 O-O 11. Kb1 Qa5 12. Qd2 Rfd8 13. Nd4 h6 14. Nd5 Qxd2 15. Nxe7+ Kf8 16. Ng6+ fxg6 17. Bxd2 Kf7 18. f3 d5 19. e5 Nd7 20. h4 Rac8 21. Bb4 Nb6 22. b3 Bd7 23. Kb2 Re8 24. a4 Na8 25. Bd6 Nc7 26. Rd3 a6 27. Rc3 Na8 28. Ree3 Rxc3 29. Rxc3 Rc8 30. Re3 Nb6 31. Rd3 Na8 32. a5 Nc7 33. Bxc7 Rxc7 34. Rc3 Rc8 35. Rxc8 Bxc8 36. Kc3 g5 37. hxg5 h5 38. g3 Kg6 39. f4 h4 40. gxh4 Kh5 41. Kb4 Kxh4 42. Kc5 Kg4 43. f5 exf5 44. e6 1-0


[Site "https://www.chess.com"]

[Event "Titled Tuesday Blitz April 18 Early 2023"]
[White "Sammed Jaykumar, Shete"]
[Black "Chigaev, Maksim"]
[WhiteFideId "5073421"]
[BlackFideId "4108116"]
[WhiteElo "2278"]
[BlackElo "2547"]
[Result "0-1"]
[Round "03"]
[TimeControl "180+2"]
[Date "2023.04.18"]
[WhiteClock "0:00:01"]
[BlackClock "0:00:05"]

1. e4 e6 2. d4 d5 3. Nd2 c5 4. Ngf3 cxd4 5. Nxd4 Nf6 6. exd5 Qxd5 7. c3 Bc5 8. N2b3 Bb6 9. Qf3 O-O 10. Qxd5 Nxd5 11. Be2 Nc6 12. Nxc6 bxc6 13. O-O a5 14. Rd1 a4 15. Nd4 Bb7 16. Bd2 Rfd8 17. Nf3 c5 18. Ne5 Bc7 19. Nc4 Ba6 20. Kf1 h6 21. g3 Rab8 22. Rab1 Nf6 23. Be3 Rxd1+ 24. Rxd1 Ng4 25. Bxc5 Nxh2+ 26. Kg2 Ng4 27. Rd7 Be5 28. Nxe5 Nxe5 29. Rd2 Nc4 30. Bxc4 Bxc4 31. a3 Bd5+ 32. f3 Kh7 33. Kf2 g5 34. Bb4 Kg6 35. Rd4 h5 36. c4 Bc6 37. Bc3 Rc8 38. Bb4 f6 39. c5 Bd5 40. Bc3 Bc6 41. Rd6 Kf7 42. Bb4 Bd5 43. Ra6 Bc6 44. Ra7+ Kg6 45. Re7 Kf5 46. Rh7 Kg6 47. Re7 e5 48. Ra7 Rd8 49. Ke3 g4 50. fxg4 hxg4 51. Rc7 Bb5 52. c6 Rd3+ 53. Kf2 Rf3+ 54. Kg2 Re3 55. Rc8 Re2+ 56. Kg1 Kf5 57. c7 Rxb2 58. Rd8 Ba6 59. c8=Q+ Bxc8 60. Rxc8 Ke4 61. Rc3 f5 62. Bc5 f4 63. gxf4 exf4 64. Rc4+ Kf3 65. Rc3+ Ke2 66. Kg2 Kd1+ 67. Kf1 g3 68. Rf3 Rc2 0-1


[Site "https://www.chess.com"]

[Event "Titled Tuesday Blitz April 18 Early 2023"]
[White "Kovalenko, Igor"]
[Black "O`Gorman, Tom"]
[WhiteFideId "14117908"]
[BlackFideId "2508249"]
[WhiteElo "2574"]
[BlackElo "2271"]
[Result "1-0"]
[Round "03"]
[TimeControl "180+2"]
[Date "2023.04.18"]
[WhiteClock "0:02:25"]
[BlackClock "0:02:00"]

1. c4 e5 2. Nc3 Nf6 3. Nf3 Nc6 4. g3 Bb4 5. Nd5 e4 6. Nh4 Bc5 7. Bg2 d6 8. d3 exd3 9. Qxd3 Nxd5 10. cxd5 Nb4 11. Qc3 O-O 12. a3 Na6 13. b4 Bb6 14. O-O Re8 15. e3 Bg4 16. Bb2 f6 17. h3 Bh5 18. a4 c5 19. dxc6 bxc6 20. a5 Bc7 21. Qxc6 Nxb4 22. Qc4+ 1-0


[Site "https://www.chess.com"]

[Event "Titled Tuesday Blitz April 18 Early 2023"]
[White "Dimitrov, Atanas"]
[Black "Mitrabha, Guha"]
[WhiteFideId "2901315"]
[BlackFideId "5057000"]
[WhiteElo "2668"]
[BlackElo "2507"]
[Result "0-1"]
[Round "03"]
[TimeControl "180+2"]
[Date "2023.04.18"]
[WhiteClock "0:01:34"]
[BlackClock "0:02:14"]

1. Nf3 Nf6 2. c4 g6 3. g3 Bg7 4. Bg2 c5 5. O-O O-O 6. Nc3 d6 7. b3 Nc6 8. Bb2 e5 9. d3 h6 10. e3 Re8 11. Nd2 Be6 12. Nde4 Nh7 13. Re1 Qd7 14. Nb5 Bf8 15. h4 f5 16. Nec3 Nf6 17. Na3 Bg7 18. Nc2 g5 19. hxg5 hxg5 20. d4 Bf7 21. dxe5 Nxe5 22. Qe2 f4 23. exf4 gxf4 24. Qd2 fxg3 25. fxg3 Qg4 26. Ne3 Qxg3 27. Nf5 Nf3+ 0-1


[Site "https://www.chess.com"]

[Event "Titled Tuesday Blitz April 18 Early 2023"]
[White "Bodi, Tibor"]
[Black "Indjic, Aleksandar"]
[WhiteFideId "701084"]
[BlackFideId "911925"]
[WhiteElo "2187"]
[BlackElo "2614"]
[Result "1-0"]
[Round "03"]
[TimeControl "180+2"]
[Date "2023.04.18"]
[WhiteClock "0:00:10"]
[BlackClock "0:00:16"]

1. c4 e5 2. g3 h5 3. h3 Nc6 4. Bg2 Bc5 5. e3 a6 6. a3 Ba7 7. b4 d6 8. Bb2 Rb8 9. Ne2 h4 10. g4 f5 11. gxf5 Bxf5 12. d3 Nf6 13. Nbc3 Ne7 14. Ne4 Nxe4 15. dxe4 Be6 16. c5 Nc6 17. cxd6 cxd6 18. Rg1 O-O 19. Qd3 Rc8 20. f4 Qb6 21. f5 Bf7 22. Kf2 Kh8 23. Bf3 Ne7 24. Rg4 Bc4 25. Rxh4+ Kg8 26. Qd2 d5 27. Rg1 dxe4 28. Bxe5 Nxf5 29. Nd4 Rc7 30. Nxf5 Rxf5 31. Qd8+ Rf8 32. Rxg7+ Rxg7 33. Rh8+ Kf7 34. Rxf8+ Ke6 35. Rf6+ Kxe5 36. Rxb6 Bxb6 37. Qxb6 Rd7 38. Qc5+ Bd5 39. Qd4+ Kd6 40. Bxe4 Kc6 41. Bxd5+ Rxd5 42. h4 1-0


[Site "https://www.chess.com"]

[Event "Titled Tuesday Blitz April 18 Early 2023"]
[White "Grigorov, Grigor"]
[Black "Poliakova, Varvara"]
[WhiteFideId "2907313"]
[BlackFideId "13518313"]
[WhiteElo "2510"]
[BlackElo "2075"]
[Result "1/2-1/2"]
[Round "03"]
[TimeControl "180+2"]
[Date "2023.04.18"]
[WhiteClock "0:00:14"]
[BlackClock "0:00:51"]

1. d4 f5 2. Nf3 d6 3. g3 Nf6 4. Bg2 g6 5. O-O Bg7 6. Nbd2 Nc6 7. Re1 O-O 8. e4 fxe4 9. Nxe4 Bf5 10. Nxf6+ Bxf6 11. c3 e5 12. dxe5 Nxe5 13. Nxe5 Bxe5 14. Bxb7 Kg7 15. Bxa8 Qxa8 16. f4 Bh3 17. Qc2 Bf6 18. Qe4 Qc8 19. Be3 c5 20. Qd5 Qd7 21. Rad1 Rd8 22. Bf2 Bf5 23. b4 Bxc3 24. bxc5 Bxe1 25. Rxe1 dxc5 26. Qxc5 Re8 27. Rxe8 Qxe8 28. Qxa7+ Kh6 29. Qe3 Qa4 30. Qe2 Qa3 31. g4 Qc1+ 32. Kg2 Qc6+ 33. Kg3 Be4 34. Qd2 Kg7 35. Bd4+ Kf7 36. Qc3 Qxc3+ 37. Bxc3 Bc2 38. h3 h5 39. Kh4 hxg4 40. hxg4 Ke6 41. Kg5 Bd3 42. a4 Kd5 43. a5 Kc6 44. Kf6 Kb5 45. Bd2 Ka6 46. Ke5 Bc2 47. Kd4 Kb5 48. Ke3 Bd1 49. f5 gxf5 50. gxf5 Bg4 51. f6 Be6 52. Kd4 Ka6 53. Ke5 Bf7 54. Kd6 Bb3 55. Kd7 Ba2 56. Kc7 Bf7 57. Kd8 Ba2 58. Ke7 Bc4 59. Bc3 Ba2 60. Bd2 Bb3 61. f7 Bxf7 62. Kxf7 Kb5 63. Ke7 Ka6 64. Kd8 Ka7 65. Kc8 Ka8 66. Kc7 Ka7 67. Kc6 Ka6 68. Be3 Kxa5 1/2-1/2


[Site "https://www.chess.com"]

[Event "Titled Tuesday Blitz April 18 Early 2023"]
[White "Pichot, Alan"]
[Black "Avramidou, Anastasia"]
[WhiteFideId "110973"]
[BlackFideId "4239873"]
[WhiteElo "2573"]
[BlackElo "2160"]
[Result "1-0"]
[Round "03"]
[TimeControl "180+2"]
[Date "2023.04.18"]
[WhiteClock "0:00:12"]
[BlackClock "0:00:03"]

1. e4 e6 2. d4 d5 3. Nc3 Bb4 4. e5 c5 5. a3 Bxc3+ 6. bxc3 Qa5 7. Bd2 Qa4 8. Qb1 c4 9. h4 Ne7 10. h5 h6 11. Ne2 Nbc6 12. Ng3 b6 13. Be2 Bd7 14. O-O O-O-O 15. f4 g6 16. Ra2 Rdg8 17. Qe1 Nf5 18. Nxf5 gxf5 19. Qh4 Rh7 20. Bf3 Nb8 21. Qe7 Nc6 22. Qf6 Nb8 23. Rb1 Na6 24. Qe7 Re8 25. Qf6 Rg8 26. Kf2 Nc7 27. Qe7 Re8 28. Qb4 Qxb4 29. axb4 Kb7 30. Ke3 a6 31. Be1 Rg8 32. Bh4 Bb5 33. Rg1 Ne8 34. Raa1 Rhg7 35. g3 Kc6 36. Rg2 Kd7 37. Rag1 Kc6 38. g4 fxg4 39. Bxg4 a5 40. bxa5 bxa5 41. Kf3 a4 42. Rb1 a3 43. Ra1 f5 44. exf6 Ra7 45. Bxe6 Rxg2 46. Kxg2 Nd6 47. f5 Kb6 48. Bg3 Ne4 49. f7 Ra8 50. Rxa3 Rd8 51. Be5 Ng5 52. Bg7 Nxf7 53. Bxf7 Rd7 54. Bg6 Rxg7 55. f6 Rg8 56. Kg3 Rf8 57. f7 Kc7 58. Kf4 Kd6 59. Ra7 Bd7 60. Bf5 Rxf7 61. Rxd7+ Rxd7 62. Bxd7 Kxd7 63. Ke5 Kc6 64. Ke6 Kb5 65. Kxd5 1-0


[Site "https://www.chess.com"]

[Event "Titled Tuesday Blitz April 18 Early 2023"]
[White "Bachmann, Axel"]
[Black "Atanasov, Anthony"]
[WhiteFideId "3700488"]
[BlackFideId "2623897"]
[WhiteElo "2605"]
[BlackElo "2326"]
[Result "1-0"]
[Round "03"]
[TimeControl "180+2"]
[Date "2023.04.18"]
[WhiteClock "0:00:10"]
[BlackClock "0:00:06"]

1. e4 c5 2. Nf3 d6 3. d4 cxd4 4. Nxd4 Nf6 5. Nc3 a6 6. h3 e6 7. g4 Be7 8. Be3 Qc7 9. Bg2 Nc6 10. f4 Nxd4 11. Qxd4 e5 12. Qd2 b5 13. fxe5 dxe5 14. g5 b4 15. Nd5 Nxd5 16. exd5 Bd6 17. O-O-O Bf5 18. Kb1 Rc8 19. Rc1 Qb7 20. Qf2 g6 21. h4 O-O 22. Bh3 Bxh3 23. Rxh3 Qxd5 24. h5 Bc5 25. Qh4 gxh5 26. Qxh5 Qe4 27. Bd2 Qg6 28. Qe2 Bd4 29. Bxb4 Rb8 30. Ba3 Rb5 31. Ka1 Ra5 32. Bxf8 Qe6 33. Rb3 Kxf8 34. Rf1 Qd5 35. Qd3 e4 36. Qh3 Qxg5 37. Qxh7 Qg7 38. Rb8+ Ke7 39. Qxe4+ Re5 40. Rb7+ Ke8 41. Qc6+ Kf8 42. Qc8+ Re8 43. Rbxf7+ Qxf7 44. Rxf7+ Kxf7 45. Qd7+ Re7 46. Qd5+ Kf8 47. a4 Bf6 48. Qa8+ Kf7 49. Qxa6 Re1+ 50. Ka2 Rc1 51. Qc4+ Ke7 52. a5 Be5 53. a6 Rd1 54. a7 Rd8 55. Qb4+ Bd6 56. Qb7+ Ke6 57. a8=Q Rxa8+ 58. Qxa8 Bf4 59. c4 Kf5 60. Qd5+ Kg4 61. b4 Kh3 62. b5 Kg3 63. c5 Kh2 64. b6 Bg3 65. c6 Kg1 66. c7 Bf2 67. c8=Q Bg3 68. b7 1-0


[Site "https://www.chess.com"]

[Event "Titled Tuesday Blitz April 18 Early 2023"]
[White "Bacrot, Etienne"]
[Black "djokovic74"]
[WhiteFideId "605506"]
[WhiteElo "2663"]
[BlackElo "2586"]
[Result "1-0"]
[Round "03"]
[TimeControl "180+2"]
[Date "2023.04.18"]
[WhiteClock "0:00:22"]
[BlackClock "0:00:01"]

1. e4 e6 2. Nf3 d5 3. exd5 exd5 4. d4 Bd6 5. c4 Nf6 6. c5 Be7 7. Qa4+ Bd7 8. Qc2 O-O 9. Be3 b6 10. Nc3 bxc5 11. dxc5 c6 12. h3 a5 13. Na4 Ne4 14. Bd3 Na6 15. a3 f5 16. O-O Qc7 17. Bd4 Bf6 18. Rfe1 Qb7 19. Nb6 Ra7 20. Bxf6 Rxf6 21. Na4 Ra8 22. Nd4 Qa7 23. Rac1 Raf8 24. f3 Ng5 25. Qd2 Rg6 26. Kf2 Nxh3+ 27. gxh3 Qc7 28. f4 Qd8 29. Nf3 Nc7 30. Rg1 Rh6 31. Rg3 Ne6 32. Rcg1 Qf6 33. Qc3 d4 34. Qd2 Kh8 35. Bc4 Rf7 36. Bxe6 Bxe6 37. Qxd4 Qe7 38. Nb6 Bd5 39. Nxd5 cxd5 40. Ne5 Rf8 41. Rxg7 Qh4+ 42. R1g3 Rhf6 43. Nf7+ R6xf7 44. Rg8# 1-0


[Site "https://www.chess.com"]

[Event "Titled Tuesday Blitz April 18 Early 2023"]
[White "wqws"]
[Black "Costachi, Mihnea"]
[BlackFideId "1217518"]
[WhiteElo "2584"]
[BlackElo "2456"]
[Result "1-0"]
[Round "03"]
[TimeControl "180+2"]
[Date "2023.04.18"]
[WhiteClock "0:00:25"]
[BlackClock "0:00:03"]

1. e4 g6 2. d4 Bg7 3. Nc3 d6 4. Bg5 h6 5. Be3 Nc6 6. Qd2 e5 7. d5 Nce7 8. O-O-O f5 9. f3 Nf6 10. Nh3 a6 11. f4 Nxe4 12. Nxe4 fxe4 13. fxe5 dxe5 14. Nf2 Nf5 15. Nxe4 Nxe3 16. Qxe3 O-O 17. d6 cxd6 18. Rxd6 Qe8 19. Bd3 Bf5 20. Rf1 Qe7 21. Rb6 Kh8 22. g4 Bxg4 23. Rxf8+ Rxf8 24. Rxg6 Bf5 25. Rxh6+ Bxh6 26. Qxh6+ Bh7 27. Ng5 e4 28. Nxh7 Rf1+ 29. Bxf1 Qb4 30. Nf6# 1-0


[Site "https://www.chess.com"]

[Event "Titled Tuesday Blitz April 18 Early 2023"]
[White "Ezat, Mohamed"]
[Black "Movahed, Sina"]
[WhiteFideId "10600906"]
[BlackFideId "42520835"]
[WhiteElo "2386"]
[BlackElo "2225"]
[Result "0-1"]
[Round "03"]
[TimeControl "180+2"]
[Date "2023.04.18"]
[WhiteClock "0:00:13"]
[BlackClock "0:00:56"]

1. d4 Nf6 2. c4 g6 3. Nc3 d6 4. e4 Bg7 5. Be2 O-O 6. Bg5 Na6 7. Qd2 e5 8. d5 Nc5 9. f3 h6 10. Be3 a5 11. g4 h5 12. h3 c6 13. Bg5 cxd5 14. cxd5 Qb6 15. Kf1 Bd7 16. Kg2 a4 17. Bf1 Nh7 18. Be3 f5 19. gxf5 gxf5 20. Nge2 f4 21. Bf2 Kh8 22. Kh2 Bf6 23. h4 Qd8 24. Bh3 Bxh4 25. Bxd7 Bxf2 26. Nxf4 Rxf4 27. Qxf2 Qxd7 28. Kg2 Rg8+ 29. Kf1 Rgf8 30. Ke2 Rxf3 31. Qxf3 Rxf3 32. Kxf3 Qg4+ 33. Ke3 Qg3+ 34. Kd2 Qf2+ 35. Kc1 Nd3+ 36. Kd1 Nxb2+ 37. Kc1 Nc4 38. Kd1 Qd2# 0-1


[Site "https://www.chess.com"]

[Event "Titled Tuesday Blitz April 18 Early 2023"]
[White "Munoz, Francisco Javier"]
[Black "Bharath Subramaniyam H"]
[WhiteFideId "128368"]
[BlackFideId "46634827"]
[WhiteElo "2383"]
[BlackElo "2395"]
[Result "1/2-1/2"]
[Round "03"]
[TimeControl "180+2"]
[Date "2023.04.18"]
[WhiteClock "0:00:09"]
[BlackClock "0:00:02"]

1. e4 c5 2. c3 Nf6 3. e5 Nd5 4. d4 cxd4 5. Nf3 d6 6. exd6 Qxd6 7. cxd4 g6 8. Nc3 Nxc3 9. bxc3 Bg7 10. h3 O-O 11. Bd3 b6 12. O-O Bb7 13. a4 Nc6 14. Re1 Qc7 15. Bg5 Rfe8 16. Bh4 Rad8 17. Qd2 Na5 18. Bg3 Qc8 19. Ne5 Nb3 20. Qa2 Bd5 21. c4 Nxa1 22. cxd5 Bxe5 23. dxe5 Qc3 24. Re3 Nb3 25. Bf1 Nc1 26. Qb1 Qc5 27. Re1 Rc8 28. e6 Qc3 29. exf7+ Kxf7 30. Re3 Qc2 31. Qb5 Na2 32. Rf3+ Kg8 33. d6 exd6 34. Qd5+ Kh8 35. Bxd6 Qb2 36. Re3 Nb4 37. Be5+ Rxe5 38. Qxe5+ Qxe5 39. Rxe5 Rc1 40. g3 Ra1 41. Re8+ Kg7 42. Re7+ Kh6 43. Rxa7 Nd5 44. Kg2 Nc3 45. Ra6 Ra2 46. Rxb6 Ne4 47. h4 Rxf2+ 48. Kg1 Ra2 49. Rb4 Nxg3 50. Bg2 Ne2+ 51. Kh2 Nc3 52. Rc4 Nxa4 53. Kh3 Nb6 54. Rc6 Nd5 55. Bxd5 Ra3+ 56. Kg4 Ra4+ 57. Kg3 Ra3+ 58. Bf3 Rd3 59. Rc4 Re3 60. Rc5 Re6 61. Rg5 Rf6 62. Rg4 Rf5 63. Re4 Ra5 64. Rg4 Re5 65. Rb4 Rc5 66. Rb7 Re5 67. Rd7 Rc5 68. Kf4 Rc4+ 69. Be4 Rc1 70. Rd8 Rf1+ 71. Kg3 Rg1+ 72. Kf4 Rf1+ 73. Ke5 Kh5 74. Rh8 Rf7 75. Ke6 Rf4 76. Rxh7+ Kg4 77. Bxg6 Ra4 78. h5 Kg5 79. Kf7 Ra7+ 80. Kg8 Ra8+ 81. Kg7 Ra6 82. Bf7 Rf6 83. Rh8 Ra6 84. h6 Rf6 85. Rg8 Rxh6 86. Kf8+ Kf6 87. Rg6+ Rxg6 88. Bxg6 1/2-1/2


[Site "https://www.chess.com"]

[Event "Titled Tuesday Blitz April 18 Early 2023"]
[White "Aizpurua, Patrick Emilio"]
[Black "Kukhmazov, Arsen"]
[WhiteFideId "6600522"]
[BlackFideId "24108260"]
[WhiteElo "2378"]
[BlackElo "2396"]
[Result "0-1"]
[Round "03"]
[TimeControl "180+2"]
[Date "2023.04.18"]
[WhiteClock "0:00:29"]
[BlackClock "0:00:08"]

1. d4 d5 2. c4 c6 3. Nf3 Nf6 4. Nc3 dxc4 5. a4 Bf5 6. e3 e6 7. Bxc4 Bb4 8. Qe2 Nbd7 9. O-O Bg6 10. e4 O-O 11. Bd3 Bh5 12. e5 Nd5 13. Nxd5 cxd5 14. Qe3 Bg6 15. Bxg6 fxg6 16. Bd2 Be7 17. Ne1 Nb8 18. b4 a6 19. Nd3 Qd7 20. Rfc1 Rc8 21. Rxc8+ Qxc8 22. Rc1 Qd7 23. b5 axb5 24. axb5 Ra3 25. Qe2 Qxb5 26. Rc8+ Bf8 27. Qf3 Nd7 28. Bc3 Qb1+ 29. Ne1 b5 30. Qe2 b4 31. Bd2 Ra1 32. h3 Qd1 33. Kf1 Kf7 34. Qxd1 Rxd1 35. Ke2 Rb1 36. Nd3 Be7 37. Rc7 Ke8 38. Rb7 b3 39. Nf4 Nf8 40. g4 g5 41. Nd3 Kd8 42. Bb4 Bxb4 43. Rxb4 Ke7 44. Nc5 b2 45. Nd3 Rh1 46. Rb7+ Ke8 47. Nxb2 Rxh3 48. Nd3 Nd7 49. Rc7 Kd8 50. Ra7 Rh4 51. f3 Rh2+ 52. Ke3 h5 53. Nb4 h4 54. Nc6+ Ke8 55. Ra8+ Kf7 56. Nd8+ Ke7 57. Nc6+ Kf7 58. Rd8 Nb6 59. Rb8 Nc4+ 60. Kd3 h3 61. Nd8+ Ke7 62. Nc6+ Kd7 63. Nb4 Rd2+ 64. Kc3 h2 65. Rh8 Rf2 66. Nd3 Rxf3 67. Rxh2 Ke7 68. Rh7 Kf7 69. Rh1 Ne3 70. Rh2 Nxg4 71. Rg2 Nh6 72. Rxg5 Nf5 73. Rg4 Rh3 74. Kd2 Rh4 75. Rxh4 Nxh4 76. Nf4 Nf5 77. Kd3 g5 78. Ne2 Kg6 79. Nc3 g4 80. Nb5 Kg5 81. Ke2 Kf4 82. Kf2 Ke4 83. Nc7 Nxd4 84. Kg3 Kxe5 85. Kxg4 Ke4 86. Kg3 e5 87. Kf2 Nf5 88. Ke2 d4 89. Kd2 Nd6 90. Ke2 Nc4 91. Kd1 d3 92. Nb5 Ke3 93. Nc3 e4 94. Ke1 Ne5 95. Nd5+ Kd4 96. Nf4 e3 0-1


[Site "https://www.chess.com"]

[Event "Titled Tuesday Blitz April 18 Early 2023"]
[White "Licznerski, Lukasz"]
[Black "Taichman, Ori"]
[WhiteFideId "1179250"]
[BlackFideId "2804069"]
[WhiteElo "2450"]
[BlackElo "2237"]
[Result "1-0"]
[Round "03"]
[TimeControl "180+2"]
[Date "2023.04.18"]
[WhiteClock "0:00:45"]
[BlackClock "0:00:04"]

1. e4 c5 2. Nf3 Nc6 3. Bb5 d6 4. O-O Bd7 5. Re1 Nf6 6. c3 a6 7. Bf1 Bg4 8. h3 Bxf3 9. Qxf3 g6 10. d3 Bg7 11. Be3 Nd7 12. Nd2 b5 13. Qd1 b4 14. Qc2 O-O 15. Nf3 Nde5 16. Nxe5 Bxe5 17. Red1 Qb6 18. Qd2 Bg7 19. d4 Rfd8 20. a3 bxc3 21. bxc3 Qa5 22. Rdb1 cxd4 23. cxd4 Qxd2 24. Bxd2 Nxd4 25. Ra2 Nb5 26. Bxb5 axb5 27. Rxb5 Rdc8 28. a4 Bc3 29. Bxc3 Rxc3 30. a5 Rc1+ 31. Kh2 Rc5 32. Rxc5 dxc5 33. Kg3 e5 34. Kf3 Kf8 35. Ke3 Ke7 36. Kd3 Kd6 37. Kc4 Kc6 38. a6 Ra7 39. g4 g5 40. Ra1 f6 41. f3 Kb6 42. Rb1+ Kc6 43. Ra1 Kb6 44. Kd5 c4 45. Kxc4 Rc7+ 46. Kd5 Ka7 47. Ra3 h5 48. gxh5 Rh7 49. Ke6 Rxh5 50. Kxf6 Rxh3 51. Kxg5 Rh1 52. Kf6 Rh5 53. Ke6 Rg5 54. Kf7 Rh5 55. Kf6 Ka8 56. a7 Rh6+ 57. Kxe5 Rh3 58. Kd4 Rh4 59. Ke3 Rh3 60. e5 Rh4 61. Rd3 Kxa7 62. f4 Kb7 63. Ke4 Kc7 64. e6 Rh5 65. f5 Rh1 66. Ke5 Re1+ 67. Kf6 Re2 68. Kf7 Re5 69. f6 Re4 70. e7 1-0


[Site "https://www.chess.com"]

[Event "Titled Tuesday Blitz April 18 Early 2023"]
[White "Sandoval Mercado, Carlos"]
[Black "Timofeev, Artyom"]
[WhiteFideId "5109434"]
[BlackFideId "4140419"]
[WhiteElo "2257"]
[BlackElo "2586"]
[Result "0-1"]
[Round "03"]
[TimeControl "180+2"]
[Date "2023.04.18"]
[WhiteClock "0:00:06"]
[BlackClock "0:00:41"]

1. d4 d5 2. c4 e6 3. Nf3 c6 4. g3 dxc4 5. Bg2 b5 6. O-O Bb7 7. Ne5 Qc8 8. b3 cxb3 9. Qxb3 Nd7 10. Nc3 Ngf6 11. Bg5 Be7 12. Nxb5 cxb5 13. Rfc1 Qb8 14. Bf4 Bxg2 15. Nxf7 Kxf7 16. Bxb8 Bd5 17. Qb2 Rhxb8 18. f3 Bc4 19. e3 Nb6 20. Qd2 a5 21. e4 h6 22. Qe3 a4 23. Kg2 Kg8 24. a3 Nbd7 25. h4 Rc8 26. g4 Rf8 27. Rh1 e5 28. g5 Nh5 29. dxe5 Nf4+ 30. Kg3 Nxe5 31. gxh6 Ne2+ 32. Kh2 Rxf3 0-1


[Site "https://www.chess.com"]

[Event "Titled Tuesday Blitz April 18 Early 2023"]
[White "Samsonkin, Artiom"]
[Black "Schuh, Karsten"]
[WhiteFideId "13503111"]
[BlackFideId "4637950"]
[WhiteElo "2524"]
[BlackElo "2138"]
[Result "1-0"]
[Round "03"]
[TimeControl "180+2"]
[Date "2023.04.18"]
[WhiteClock "0:01:19"]
[BlackClock "0:01:23"]

1. e4 c5 2. Nf3 Nc6 3. Nc3 e6 4. Bb5 Nge7 5. O-O a6 6. Bxc6 Nxc6 7. d4 cxd4 8. Nxd4 Qc7 9. Re1 Be7 10. Nf5 Bf8 11. Nd5 Qd8 12. Be3 exd5 13. exd5 Ne5 14. d6 Qf6 15. Bf4 Qxf5 16. Rxe5+ Qxe5 17. Bxe5 f6 18. Qh5+ Kd8 19. Bg3 b6 20. Re1 g6 21. Qf3 1-0


[Site "https://www.chess.com"]

[Event "Titled Tuesday Blitz April 18 Early 2023"]
[White "Naroditsky, Daniel"]
[Black "Andrews, Todd"]
[WhiteFideId "2026961"]
[BlackFideId "2012456"]
[WhiteElo "2633"]
[BlackElo "2433"]
[Result "1-0"]
[Round "03"]
[TimeControl "180+2"]
[Date "2023.04.18"]
[WhiteClock "0:00:04"]
[BlackClock "0:00:05"]

1. d4 Nf6 2. Nc3 d5 3. Bf4 g6 4. e3 c6 5. h4 b5 6. Bd3 Nbd7 7. Nf3 b4 8. Ne2 a5 9. Ne5 Nxe5 10. Bxe5 h5 11. Nf4 Bg7 12. c4 bxc3 13. bxc3 Ba6 14. Bxa6 Rxa6 15. Rb1 O-O 16. O-O Ng4 17. Bxg7 Kxg7 18. Qe2 e5 19. Qxa6 exf4 20. g3 fxg3 21. fxg3 Nxe3 22. Rf3 Nf5 23. Qxc6 Re8 24. Rbf1 Re6 25. Qb5 Qd6 26. Qd3 Re4 27. Qd2 Rg4 28. Qf2 f6 29. Kh2 Rxh4+ 30. Kg2 Rg4 31. Rxf5 gxf5 32. Kh3 f4 33. gxf4 Qe6 34. f5 Qe4 35. Rg1 Qd3+ 36. Rg3 Qe4 37. Qf3 Qxf3 38. Rxf3 Kh6 39. Re3 Kg5 40. Re6 Kxf5 41. Rd6 Kg5 42. Rxd5+ f5 43. Rxa5 Rf4 44. d5 Rf3+ 45. Kg2 Rxc3 46. a4 Rd3 47. Rb5 Kg4 48. a5 Rd2+ 49. Kf1 f4 50. a6 f3 51. a7 Kg3 52. Ke1 Re2+ 53. Kd1 Ra2 54. Rb7 f2 55. Rg7+ Kf4 56. Rf7+ Ke3 57. d6 h4 58. d7 Ra1+ 59. Kc2 Rxa7 60. d8=Q Rxf7 61. Qe8+ Kf3 62. Qxf7+ Kg2 63. Qg6+ Kh2 64. Qf5 Kg2 65. Qg4+ Kh2 66. Qf3 Kg1 67. Qe3 h3 68. Qg3+ Kf1 69. Kd3 h2 70. Qxh2 Ke1 71. Qg3 Kf1 72. Ke3 Ke1 73. Qxf2+ 1-0


[Site "https://www.chess.com"]

[Event "Titled Tuesday Blitz April 18 Early 2023"]
[White "Sadhwani, Raunak"]
[Black "Shuvalova, Polina"]
[WhiteFideId "35093487"]
[BlackFideId "24171760"]
[WhiteElo "2631"]
[BlackElo "2281"]
[Result "1-0"]
[Round "03"]
[TimeControl "180+2"]
[Date "2023.04.18"]
[WhiteClock "0:00:02"]
[BlackClock "0:00:01"]

1. Nf3 Nf6 2. b3 d5 3. Bb2 e6 4. g3 Be7 5. Bg2 O-O 6. O-O c5 7. d3 b6 8. Nbd2 Bb7 9. Re1 Nc6 10. e4 d4 11. Qe2 e5 12. a4 Ne8 13. Nc4 Bf6 14. h4 Nd6 15. Bc1 Bc8 16. Nh2 Nxc4 17. bxc4 Bd7 18. h5 Qc7 19. f4 exf4 20. gxf4 Bh4 21. Rf1 f5 22. e5 Rae8 23. Bd2 Nd8 24. Bd5+ Kh8 25. Kh1 Ne6 26. Rg1 Bc6 27. Qf3 Bd7 28. Rg2 Qd8 29. a5 Nc7 30. Rag1 Be6 31. Bc6 Re7 32. Qh3 Ref7 33. Nf3 Be7 34. Rg3 Qc8 35. Qg2 Rg8 36. axb6 axb6 37. Be1 Na6 38. Bd5 Nc7 39. Bc6 Na6 40. Bb5 Nc7 41. Ba4 Qa8 42. Bb3 Bd7 43. Kh2 Bc6 44. Qh3 Ne6 45. Bd2 Bd8 46. Nh4 Bxh4 47. Qxh4 Qb7 48. Re1 Qe7 49. Qxe7 Rxe7 50. Ra1 Rb8 51. Ra6 Reb7 52. Rg1 h6 53. Rg6 Bd7 54. Ba4 Bxa4 55. Rxa4 Re7 56. Ra6 Kg8 57. Rg1 Kf7 58. Rb1 Reb7 59. Ra2 g6 60. hxg6+ Kxg6 61. Rab2 h5 62. Kg3 Kh6 63. Kf3 Nd8 64. Rg1 Ne6 65. Rgb1 Nd8 66. Rb5 Ne6 67. Ba5 Rg7 68. Rxb6 Rxb6 69. Rxb6 Re7 70. Be1 Kh7 71. Bh4 Re8 72. Rd6 Nf8 73. Bg5 Ng6 74. Kg3 Kg7 75. e6 Kg8 76. Rc6 Ra8 77. Rxc5 Kf8 78. Rc7 1-0


[Site "https://www.chess.com"]

[Event "Titled Tuesday Blitz April 18 Early 2023"]
[White "Bernabeu Lopez, Carlos Javier"]
[Black "Sargsyan, Shant"]
[WhiteFideId "2235366"]
[BlackFideId "13306766"]
[WhiteElo "2344"]
[BlackElo "2628"]
[Result "0-1"]
[Round "03"]
[TimeControl "180+2"]
[Date "2023.04.18"]
[WhiteClock "0:02:03"]
[BlackClock "0:01:17"]

1. c4 g6 2. Nc3 Bg7 3. g3 Nf6 4. Bg2 O-O 5. Nf3 d6 6. d4 Nbd7 7. O-O e5 8. Qc2 Re8 9. e4 b6 10. Re1 a5 11. h3 Bb7 12. d5 Nc5 13. Be3 Rf8 14. Nd2 Nh5 15. Rf1 f5 16. Bxc5 bxc5 17. Bf3 f4 18. g4 Nf6 19. Nb5 Bc8 20. Kg2 h5 21. gxh5 gxh5 22. Rh1 Bh6 23. Rag1 Kh7 24. Kf1 Bd7 25. a4 Be8 26. Rg2 Bg6 27. Rhg1 Rg8 28. Nb1 Qd7 29. N1c3 Qxh3 30. Ke2 h4 31. Qd3 Bh5 32. Bxh5 Qxd3+ 33. Kxd3 Nxh5 34. Nxc7 f3 35. Rxg8 Rxg8 36. Rh1 Rg2 37. Nd1 h3 38. Ne6 h2 39. Kc2 Nf4 40. b3 Nxe6 41. dxe6 Kg6 42. e7 Kf7 43. Kd3 Bf4 44. Ne3 Rg1 0-1


[Site "https://www.chess.com"]